 Dungeon Crawl Stone Soup version 0.24-a0-282-g1a68c91 (webtiles) character file.

Game seed: 18137878979395682878

306 mhoghedin the Covert (level 6, -5/42 HPs)
             Began as a Vampire Assassin on May 2, 2019.
             Was a Believer of Ru.
             Slain by an ice beast (6 damage)
             ... on level 5 of the Dungeon.
             The game lasted 00:06:42 (3334 turns).

mhoghedin the Covert (Vampire Assassin)             Turns: 3334, Time: 00:06:43

Health: -5/42      AC:  3    Str: 11    XL:     6   Next: 16%
Magic:  6/6        EV: 12    Int: 15    God:    Ru [**....]
Gold:   246        SH:  0    Dex: 15    Spells: 5/5 levels left

rFire    . . .     SeeInvis +   k - +3 dagger (venom)
rCold    + . .     Gourm    .   (no shield)
rNeg     . . .     Faith    .   c - +0 robe
rPois    .         Spirit   .   (no helmet)
rElec    .         Reflect  .   d - +0 cloak
rCorr    .         Harm     .   (no gloves)
MR       .....                  (no boots)
Stlth    ++++......             m - amulet of regeneration {+regen, !d}
HPRegen  0.74/turn              (no ring)
MPRegen  0.10/turn              z - ring of protection from cold {rC+, !d}

@: regenerating quickly
A: fangs 3, see invisible, frail 1, unbreathing
a: Renounce Religion


You were on level 5 of the Dungeon.
You worshipped Ru.
Ru was pleased with you.
You were full.

You visited 1 branch of the dungeon, and saw 5 of its levels.

You collected 246 gold pieces.

Inventory:

Hand Weapons
 a - a +2 dagger
 b - a +0 blowgun
 k - a +3 dagger of venom (weapon)
   (You took it off a goblin on level 1 of the Dungeon)
Missiles
 e - 8 poisoned needles
 f - 2 curare-tipped needles
Armour
 c - a +0 robe (worn)
 d - a +0 cloak (worn)
Jewellery
 m - an amulet of regeneration (around neck) {+regen, !d}
   (You found it on level 1 of the Dungeon)
 v - an uncursed ring of fire {rF+, rC-}
   (You found it on level 2 of the Dungeon)
 z - a ring of protection from cold (right hand) {rC+, !d}
   (You found it on level 3 of the Dungeon)
Wands
 o - a wand of flame (35)
   (You took it off a hobgoblin on level 4 of the Dungeon)
 x - a wand of polymorph (12)
   (You found it on level 3 of the Dungeon)
Scrolls
 i - a scroll of noise {!r}
 j - a scroll of remove curse
 q - a scroll of teleportation
 r - 2 scrolls of enchant armour
 w - 5 scrolls of identify
 y - a scroll of enchant weapon
Potions
 h - 2 potions of curing {unknown}
 l - a potion of haste {unknown}
 n - a potion of flight {unknown}
 p - a potion of magic {unknown}
 s - 2 potions of berserk rage {unknown}
 t - 2 potions of heal wounds {unknown}
 u - a potion of brilliance {unknown}


   Skills:
 + Level 3.5 Fighting
 + Level 4.6 Short Blades
 - Level 1.5 Throwing
 - Level 1.1 Dodging
 + Level 8.2 Stealth


You had 5 spell levels left.
You didn't know any spells.
Your spell library contained the following spells:

 Spells                   Type           Power        Failure   Level  Hunger
 Flame Tongue             Conj/Fire      #....        26%         1    ##.....
 Throw Flame              Conj/Fire      #.....       38%         2    ###....
 Conjure Flame            Conj/Fire      #.......     63%         3    ####...
 Inner Flame              Hex/Fire       #.......     63%         3    ####...
 Sticky Flame             Conj/Fire      #.......     95%         4    #####..
 Fireball                 Conj/Fire      #.........   100%        5    ######.


Dungeon Overview and Level Annotations

Branches:
Dungeon (5/15)
 Temple: D:4-7

Altars:
Dithmenos
Fedhas
Gozag
Qazlal
Ru
Vehumet
Yredelemnul


Innate Abilities, Weirdness & Mutations

Your natural rate of healing is unusually fast.
You have razor-sharp teeth.
You have supernaturally acute eyesight. (SInv)
You are frail. (-10% HP)
You can survive without breathing.


Message History

The crimson imp hits you with the +7 short sword of the Magi {pierce, Int+3 Dex+4}.
The leopard gecko closely misses you.
You take 4 damage, and have 34/42 hp.
The leopard gecko misses you.
The crimson imp begins to attack, but is stunned by your will!
The leopard gecko barely misses you.
The crimson imp blinks!
The leopard gecko bites you but does no damage.
The leopard gecko bites you.
You take 3 damage, and have 35/42 hp.
You hit the leopard gecko.
The leopard gecko is poisoned.
The leopard gecko barely misses you.
You hit the leopard gecko.
You kill the leopard gecko!
You barely miss the ice beast. The ice beast hits you.
The ice beast freezes you!
You take 16 damage, and have 22/42 hp.
MASSIVE DAMAGE!!
You hit the ice beast but do no damage. The ice beast hits you.
The ice beast freezes you!
* * * LOW HITPOINT WARNING * * *
You take 12 damage, and have 10/42 hp.
MASSIVE DAMAGE!!
Okay, then.
Unknown command.
You barely miss the ice beast.
The crimson imp blinks!
The ice beast is stunned by your will and fails to attack.
The crimson imp laughs crazily.
You see here a stone.
The crimson imp blinks!
The ice beast barely misses you.
You see here a scorpion corpse.
The crimson imp summons a swarm of flies.
The crimson imp throws a stone.
The stone barely misses you.
The crimson imp throws a stone.
The stone completely misses you.
The crimson imp throws a stone.
The stone closely misses you.
You see here a stone.
You remove your ring of fire {rF+, rC-}.
Yummy - fresh blood!
The ice beast closely misses you.
You hit the ice beast but do no damage. The ice beast hits you.
The ice beast freezes you. You resist.
The crimson imp blinks!
You take 7 damage, and have 16/42 hp.
You hit the ice beast but do no damage. The ice beast closely misses you.
You hit the ice beast but do no damage. The ice beast hits you.
The ice beast freezes you. You resist.
* * * LOW HITPOINT WARNING * * *
You take 6 damage, and have 11/42 hp.
You hit the ice beast. You hit the ice beast but do no damage.
Your bite misses the ice beast.
The ice beast hits you but does no damage.
You hit the ice beast but do no damage. The ice beast closely misses you.
You hit the ice beast. Your bite misses the ice beast.
The ice beast hits you but does no damage.
You closely miss the ice beast.
You bite the ice beast, but do no damage.
You hit the ice beast but do no damage.
The ice beast is poisoned.
The ice beast hits you. The ice beast freezes you. You resist.
* * * LOW HITPOINT WARNING * * *
You take 3 damage, and have 11/42 hp.
You hit the ice beast.
The ice beast hits you but does no damage.
You hit the ice beast but do no damage.
You bite the ice beast, but do no damage.
The ice beast completely misses you.
You completely miss the ice beast.
You bite the ice beast, but do no damage.
You hit the ice beast but do no damage.
You bite the ice beast, but do no damage.
The ice beast hits you.
* * * LOW HITPOINT WARNING * * *
The ice beast freezes you! You resist.
* * * LOW HITPOINT WARNING * * *
The crimson imp begins to attack, but is stunned by your will!
You take 9 damage, and have 4/42 hp.
MASSIVE DAMAGE!!
The crimson imp blinks!
There is an open door here.
The ice beast hits you.
* * * LOW HITPOINT WARNING * * *
The ice beast freezes you. You resist.
* * * LOW HITPOINT WARNING * * *
You take 5 damage, and have 4/42 hp.
Okay, then.
Unknown command.
Unknown command.
The ice beast looks more healthy.
The ice beast barely misses you.
There is a stone staircase leading up here.
You hit the ice beast.
You bite the ice beast, but do no damage.
You hit the ice beast. The ice beast hits you.
* * * LOW HITPOINT WARNING * * *
The ice beast freezes you. You resist.
* * * LOW HITPOINT WARNING * * *
You take 9 damage, and have 2/42 hp.
MASSIVE DAMAGE!!
You barely miss the ice beast. The ice beast hits you.
* * * LOW HITPOINT WARNING * * *
The ice beast freezes you. You resist.
You die...

#.).....#
####.####.#
#.....# ####+##.##
#+ #.....#.#
####.#####.....#.#
.........'.......#
.####.####.....#Y#
#..# #.....#@#
##.# #.....#.#
#§###.....#..
#..##.....#.##
#######.##.....#..
...()((..#######..
.........# #..
.........## #...
.....†....# .


You could see an ice beast.

Vanquished Creatures
  A scorpion (D:5)
  A bullfrog skeleton (D:4)
  An orc wizard (D:2)
  A worker ant (D:4)
  Ijyb (D:5)
  A hound skeleton (D:4)
  4 adders
  A shadow imp (D:5)
  2 oozes (D:4)
  A worm (D:3)
  2 adder skeletons
  6 leopard geckos
  2 orcs
  2 giant cockroaches
  8 goblins
  6 hobgoblins
  4 jackals (D:2)
  11 kobolds
  A quokka (D:4)
  2 ball pythons
  6 bats
  3 frilled lizards
  A quokka skeleton (D:4)
  5 rats
73 creatures vanquished.

Notes
Turn   | Place    | Note
-------+----------+-------------------------------------------
     0 | D:1      | mhoghedin the Vampire Assassin began the quest for the Orb.
     0 | D:1      | Reached XP level 1. HP: 16/16 MP: 1/1
    40 | D:1      | Reached skill level 6 in Stealth
   212 | D:1      | Reached XP level 2. HP: 22/22 MP: 2/2
   712 | D:1      | Reached skill level 2 in Fighting
   920 | D:2      | Reached skill level 3 in Short Blades
   935 | D:2      | Reached XP level 3. HP: 20/27 MP: 3/3
   997 | D:2      | Found a blossoming altar of Fedhas.
  1473 | D:2      | Found a sacrificial altar of Ru.
  1476 | D:2      | Reached skill level 7 in Stealth
  1476 | D:2      | Reached XP level 4. HP: 34/34 MP: 4/4
  1492 | D:2      | Became a worshipper of Ru the Awakened
  2438 | D:4      | Found an opulent altar of Gozag.
  2440 | D:4      | Found a basalt altar of Yredelemnul.
  2560 | D:4      | HP: 7/34 [bullfrog skeleton (3)]
  2563 | D:4      | HP: 3/34 [bullfrog skeleton (3)]
  2566 | D:4      | HP: 1/34 [bullfrog skeleton (2)]
  2712 | D:4      | Reached XP level 5. HP: 31/40 MP: 5/5
  2727 | D:4      | Reached skill level 3 in Fighting
  2727 | D:4      | Reached skill level 4 in Short Blades
  2785 | D:4      | Found a stormy altar of Qazlal.
  2811 | D:4      | Found a radiant altar of Vehumet.
  2852 | D:4      | Found a shadowy altar of Dithmenos.
  2880 | D:4      | Gained mutation: You are frail. (-10% HP) [Ru sacrifice]
  2880 | D:4      | Reached * piety under Ru
  2880 | D:4      | Reached ** piety under Ru
  3168 | D:5      | Entered Level 5 of the Dungeon
  3172 | D:5      | Noticed Ijyb
  3189 | D:5      | Killed Ijyb
  3189 | D:5      | Reached skill level 8 in Stealth
  3231 | D:5      | Reached XP level 6. HP: 41/42 MP: 6/6
  3266 | D:5      | Identified the +7 short sword of the Magi {pierce, Int+3
                  | Dex+4}
  3269 | D:5      | Noticed an ice beast
  3285 | D:5      | HP: 10/42 [ice beast (12)]
  3316 | D:5      | HP: 4/42 [ice beast (7)]
  3323 | D:5      | HP: 8/42 [ice beast (1)]
  3333 | D:5      | HP: 8/42 [ice beast (3)]
  3333 | D:5      | HP: 2/42 [ice beast (6)]
  3334 | D:5      | Slain by an ice beast

Levels and vault maps discovered:
D:1:      dpeg_arrival_ternary, layout_loops_corners, serial_park_tiny_pond,
          minmay_tromino_mix6
D:2:      layout_basic, nicolae_ru_great_annihilating_truth, first_ration,
          fedhas_altar_3
D:3:      layout_basic
D:4:      layout_loops_cross, kennysheep_mini_moat, vehumet_altar_wand_db,
          nicolae_qazlal_eye_of_the_storm, grunt_temple_overflow_open
D:5:      layout_basic, uniq_sigmund, uniq_ijyb, uniq_menkaure

Skill      XL: |  1  2  3  4  5 |
---------------+----------------+-----
Stealth        | 6 7 8 |  8.2
Fighting       | 2 3 |  3.5
Short Blades   | 3 4 |  4.6
Throwing       | |  1.5
Dodging        | |  1.1

Action                   |  1- 3 |  4- 6 || total
-------------------------+-------+-------++-------
Melee: Dagger            |    69 |   115 ||   184
       Bite              |     4 |    14 ||    18
Invok: Sacrifice Health  |       |     1 ||     1
 Abil: End Transformatio |       |     1 ||     1
       Bat Form          |       |     1 ||     1
  Use: Potion            |       |    12 ||    12
       Scroll            |       |     9 ||     9
 Stab: Sleeping          |    18 |    14 ||    32
       Distracted        |     2 |     1 ||     3
Armor: Robe              |    10 |    13 ||    23
Dodge: Dodged            |    39 |    54 ||    93

Table legend:
 A = Non-vault XP
 B = Vault XP
 C = Vault XP percentage of total XP
 D = Non-vault monster count
 E = Vault monster count
 F = Vault count percentage of total count
                 A         B        C        D         E       F
            +---------+---------+-------+---------+---------+-------
      Total |     353 |      85 |  19.4 |      65 |       8 |  11.0
            +---------+---------+-------+---------+---------+-------
        D:1 |      28 |       2 |   6.7 |      17 |       2 |  10.5
        D:2 |      42 |      46 |  52.3 |      17 |       4 |  19.0
        D:3 |      53 |       0 |   0.0 |      15 |       0 |   0.0
        D:4 |     130 |       2 |   1.5 |      10 |       1 |   9.1
        D:5 |     100 |      35 |  25.9 |       6 |       1 |  14.3
            +---------+---------+-------+---------+---------+-------

Levels and vault maps discovered:
D:1:      dpeg_arrival_ternary, layout_loops_corners, serial_park_tiny_pond,
          minmay_tromino_mix6
D:2:      layout_basic, nicolae_ru_great_annihilating_truth, first_ration,
          fedhas_altar_3
D:3:      layout_basic
D:4:      layout_loops_cross, kennysheep_mini_moat, vehumet_altar_wand_db,
          nicolae_qazlal_eye_of_the_storm, grunt_temple_overflow_open
D:5:      layout_basic, uniq_sigmund, uniq_ijyb, uniq_menkaure

Table legend:
 A = Turns spent in this place as a percentage of turns spent in the entire game.
 B = Non-inter-level travel turns spent in this place as a percentage of non-inter-level travel turns spent in the entire game.
 C = Inter-level travel turns spent in this place as a percentage of turns spent in this place.
 D = Turns resting spent in this place as a percentage of non-inter-level travel turns spent in this place.
 E = Turns spent auto-exploring this place as a percentage of non-inter-level travel turns spent in this place.
 F = Non-inter-level travel turns spent in this place divided by the number of levels of this place that you've seen.
                   A       B       C       D       E      F
               +-------+-------+-------+-------+-------+----------------------
         Total | 100.0 | 100.0 |   4.4 |   5.6 |  74.4 | 637.6
       Dungeon | 100.0 | 100.0 |   4.4 |   5.6 |  74.4 | 637.6
               +-------+-------+-------+-------+-------+----------------------

Table legend:
 A = Kills in this place as a percentage of kills in entire the game.
 B = Kills by you in this place as a percentage of kills by you in the entire game.
 C = Kills by friends in this place as a percentage of kills by friends in the entire game.
 D = Other kills in this place as a percentage of other kills in the entire game.
 E = Experience gained in this place as a percentage of experience gained in the entire game.
 F = Experience gained in this place divided by the number of levels of this place that you have seen.
                   A       B       C       D       E      F
               +-------+-------+-------+-------+-------+----------------------
         Total | 100.0 | 100.0 |   N/A |   N/A | 100.0 |  87.6
       Dungeon | 100.0 | 100.0 |   N/A |   N/A | 100.0 |  87.6
               +-------+-------+-------+-------+-------+----------------------
